 Dungeon Crawl Stone Soup version 0.30-b1-2-g02819fbbbe (webtiles) character file.

Game seed: 13064713659505201121

21 Flugkiller the Magician (level 3, 29/29 HPs)
             Began as a Djinni Warper on May 14, 2023.
             Quit the game on level 1 of the Dungeon.
             The game lasted 00:02:20 (671 turns).

Flugkiller the Magician (Djinni Warper)              Turns: 671, Time: 00:02:21

Health: 29/29      AC:  3    Str: 10    XL:     3   Next: 2%
Gold:   32         EV: 11    Int: 16    God:
                   SH:  0    Dex: 12

rFire   + + .        a - +0 falchion
rCold   x . .        (no shield)
rNeg    . . .        b - +0 leather armour
rPois   ∞            (no helmet)
rElec   .            (no cloak)
rCorr   .            (no gloves)
SInv    .            (boots unavailable)
Will    .....        (no amulet)
Stlth   +            (no ring)
HPRegen 0.24/turn    (no ring)
MPRegen 0.00/turn

%: no passive effects
@: flying
A: sickness immunity, fire resistance 2, cold vulnerability 1, float, innate
caster, HP casting, extra vitality 1
a: no special abilities


You were on level 1 of the Dungeon.
You visited 1 branch of the dungeon, and saw 1 of its levels.

You collected 32 gold pieces.

Inventory:

Hand Weapons
 a - a +0 falchion (weapon)
Missiles
 d - 6 boomerangs of dispersal
 e - 3 javelins (quivered)
 f - 2 boomerangs
Armour
 b - a +0 leather armour (worn)
Scrolls
 c - a scroll of teleportation {unknown}
 h - 2 scrolls of identify {unknown}
 j - a scroll of amnesia {unknown}
 k - a scroll of enchant armour {unknown}
 l - a scroll of poison {unknown}
 m - a scroll of vulnerability {unknown}
 z - a scroll of blinking
Potions
 g - a potion of attraction {unknown}
 i - a potion of degeneration {unknown}


   Skills:
 + Level 2.7 Fighting
 - Level 1.7 Long Blades
 - Level 0.7 Throwing
 - Level 1.0 Armour
 - Level 2.1 Dodging
 + Level 2.8 Spellcasting


You knew the following spells:

 Your Spells              Type           Power      Damage    Failure   Level
a - Lesser Beckoning      Tloc           22%        N/A       12%         2
b - Vhi's Electric Charg  Tloc/Air       22%        N/A       24%         3
c - Teleport Other        Tloc           11%        N/A       24%         3
d - Manifold Assault      Tloc           11%        N/A       63%         4
e - Slow                  Hex            44%        N/A       9%          1
r - Blink                 Tloc           22%        N/A       12%         2
Your spell library was empty.

Dungeon Overview and Level Annotations

Branches:
Dungeon (1/15) Zot: 5313

Altars:


Innate Abilities, Weirdness & Mutations

You are immune to sickness and miasma.
You are immune to poison.
Your flesh is very heat resistant. (rF++)
You are vulnerable to cold. (rC-)
You float through the air rather than walking.
You learn spells naturally, not from books.
Your magical power is your life essence.
You have superior vitality. (+4 MHP)


Message History

You closely miss the jackal.
The jackal is lightly wounded.
The jackal bites you. The jackal barely misses you.
You closely miss the jackal.
The jackal is lightly wounded.
The jackal bites you but does no damage.
The jackal barely misses you.
You closely miss the jackal.
The jackal is lightly wounded.
The jackal misses you.
You hit the jackal but do no damage.
The jackal is lightly wounded.
The jackal barely misses you. The jackal bites you.
You barely miss the jackal.
The jackal is lightly wounded.
The jackal bites you. x2; The jackal barely misses you.
The jackal bites you.
You barely miss the jackal. The jackal barely misses you. The jackal bites you.
You barely miss the jackal.
The jackal is lightly wounded.
The jackal completely misses you. The jackal closely misses you.
The jackal bites you. The jackal barely misses you.
You barely miss the jackal.
The jackal is lightly wounded.
The jackal bites you. The jackal closely misses you. The jackal bites you.
The jackal barely misses you. The jackal attacks as you move away!
The jackal bites you but does no damage.
The jackal attacks as you move away!
The jackal bites you but does no damage.
The jackal barely misses you. x2
The jackal attacks as you move away! The jackal closely misses you.
The jackal attacks as you move away! The jackal barely misses you.
The jackal attacks as you move away! The jackal closely misses you. x2
You hit the jackal.
The jackal is lightly wounded.
The jackal barely misses you. x2
You barely miss the jackal.
The jackal is lightly wounded.
The jackal bites you.
You barely miss the jackal.
The jackal is lightly wounded.
The jackal misses you. The jackal barely misses you.
You barely miss the jackal.
The jackal is lightly wounded.
The jackal barely misses you.
The jackal bites you but does no damage.
You hit the jackal.
The jackal is severely wounded.
The jackal barely misses you. The jackal closely misses you.
You closely miss the jackal.
The jackal is severely wounded.
The jackal closely misses you.
You barely miss the jackal.
The jackal is severely wounded.
The jackal closely misses you. The jackal bites you.
You closely miss the jackal.
The jackal is severely wounded.
The jackal bites you but does no damage.
The jackal bites you.
You hit the jackal.
You kill the jackal!
The jackal closely misses you.
You hit the jackal.
The jackal is heavily wounded.
The jackal bites you but does no damage.
The jackal closely misses you.
You closely miss the jackal.
The jackal is heavily wounded.
The jackal bites you but does no damage.
The jackal barely misses you.
You closely miss the jackal.
The jackal is moderately wounded.
The jackal bites you.
You hit the jackal.
The jackal is severely wounded.
The jackal barely misses you. The jackal misses you.
You hit the jackal.
You kill the jackal!
You have reached level 3!
Your experience leads to an increase in your attributes!
Increase (S)trength, (I)ntelligence, or (D)exterity?
You feel clever. x2
The power to cast Slow wells up from within.
Spell assigned to 'e'.
Unknown command.
Unknown command.
You start resting.
HP restored.
Found a stone staircase leading down.
You see here 6 stones.
Found a stone staircase leading down.
l - a scroll labelled JUT GOBOTTE
m - a scroll labelled NIF ZI XIEH You now have 32 gold pieces (gained 14).
Things that are here:
a staff of death; a +0 plate armour A hobgoblin comes into view.
The hobgoblin shouts!
Unknown command.
Are you sure you want to abandon this character and quit the game? (Confirm with "yes".)

######... #########
#....g... #|......#
#@#
#.#####.####.####.##
#.#.................
#.#.###.####.####.##
#.#.# #.# #.# #.#.#
#.# #.# #.#.# #.#
#.# #####.#.# #.#
#.# .....>..###.#
#.#


You could see a hobgoblin.

Vanquished Creatures
  A gnoll (D:1)
  An endoplasm (D:1)
  A goblin (D:1)
  A hobgoblin (D:1)
  2 jackals (D:1)
  2 bats (D:1)
  A frilled lizard (D:1)
  3 rats (D:1)
12 creatures vanquished.

Notes
Turn   | Place    | Note
-------+----------+-------------------------------------------
     0 | D:1      | Flugkiller the Djinni Warper began the quest for the Orb.
     0 | D:1      | Flugkiller set off with the following spells memorised:
                  | Blink, Lesser Beckoning, Vhi's Electric Charge, Teleport
                  | Other, Manifold Assault.
     0 | D:1      | Reached XP level 1. HP: 18/18 MP: 0/0
   222 | D:1      | Reached XP level 2. HP: 3/24 MP: 0/0
   543 | D:1      | Reached XP level 3. HP: 17/29 MP: 0/0
   543 | D:1      | Learned a level 1 spell: Slow
   671 | D:1      | Quit the game

Illustrated notes

Levels and vault maps discovered:
D:1:      denvon_arrival_planthouse, layout_basic, shapermc_ecumenical_altar_gd

Action                     || total
---------------------------++-------
  Melee: Falchion          ||    65
  Throw: Boomerang         ||     1
         Javelin           ||     3
 Armour: Leather armour    ||    28
  Dodge: Dodged            ||    74
